 Dungeon Crawl Stone Soup version 0.20.1-1-g8b1a95d (webtiles) character file.

25 vineage the Skirmisher (level 2, -4/24 HPs)
             Began as a Demonspawn Berserker on Aug 19, 2017.
             Was a Follower of Trog.
             Killed from afar by Natasha (5 damage)
             ... with a wand of flame (?/48)
             ... on level 2 of the Dungeon.
             The game lasted 00:02:00 (1589 turns).

vineage the Skirmisher (Demonspawn Berserker)       Turns: 1589, Time: 00:02:01

Health: -4/24      AC:  4    Str: 17    XL:     2   Next: 86%
Magic:  2/2        EV: 11    Int:  4    God:    Trog [*.....]
Gold:   105        SH:  3    Dex: 12    Spells: 1/1 levels left

rFire    . . .     SeeInvis .   a - +1 mace
rCold    . . .     Gourm    .   i - +0 buckler
rNeg     . . .     Faith    +   g - +1 robe {MR+}
rPois    .         Spirit   .   (no helmet)
rElec    .         Reflect  .   (no cloak)
rCorr    .         Harm     .   (no gloves)
MR       +....                  (no boots)
Stlth    +.........             e - amulet of faith
Regen    0.1/turn               n - -4 ring of intelligence (curse)
MPRegen  0.1/turn               (no ring)

@: no status effects
A: rugged brown scales 1
a: Berserk, Burn Spellbooks, Renounce Religion


You were on level 2 of the Dungeon.
You worshipped Trog.
Trog was aware of your devotion.
You were very hungry.

You visited 1 branch of the dungeon, and saw 2 of its levels.

You collected 105 gold pieces.

Inventory:

Hand Weapons
 a - a +1 mace (weapon)
Armour
 b - a +0 animal skin
 g - a +1 robe of magic resistance (worn)
 i - a +0 buckler (worn)
Jewellery
 e - an amulet of faith (around neck)
 n - a cursed -4 ring of intelligence (left hand)
Potions
 d - a potion of mutation {unknown}
 f - a potion of curing {unknown}
 h - a potion of cancellation {unknown}
 m - 2 potions of heal wounds
Comestibles
 c - a bread ration
 k - 2 royal jellies
 l - a meat ration


   Skills:
 + Level 3.2 Fighting
 + Level 3.2 Maces & Flails
 + Level 1.9 Armour
 + Level 2.1 Dodging


You had one spell level left.
You didn't know any spells.

Dungeon Overview and Level Annotations

Branches:
Dungeon (2/15)

Altars:

Annotations:
D:2 Natasha


Innate Abilities, Weirdness & Mutations

You are partially covered in rugged brown scales. (AC +1, +3% HP)


Message History

You finish putting on your +0 buckler.
As you open the door, it creaks loudly!
Found a stone staircase leading down.
There is an open door here.
Natasha, Servant of Life and Death comes into view.
Natasha hisses angrily.
Natasha stares at you and mumbles some strange words.
The magic dart hits you!
Natasha zaps a wand.
The puff of flame hits you!
It is a wand of flame (?/48).
You are too injured to fight recklessly!
You are too injured to fight recklessly!
You thump Natasha!
Natasha is heavily wounded.
Natasha barely misses you.
You hit Natasha.
Natasha is almost dead.
Natasha claws you!
* * * LOW HITPOINT WARNING * * *
Natasha zaps a wand.
The puff of flame hits you!
You die...

##..... ..
......####..
#...........
#...........
...........
#.#..$.....
###+##.#........
#..>....@h......
#....#..........
#....##.###.###.
######.###.###.##
#...............
#.####'####....#
. #.#.....#
#....# #.
#.#.....# #....##
#. #.#.....#
#....##.... #.


You could see Natasha.

Vanquished Creatures
  A worm (D:2)
  A dart slug (D:2)
  A leopard gecko (D:1)
  A ball python (D:2)
  A giant cockroach (D:1)
  A goblin (D:1)
  3 hobgoblins (D:1)
  4 kobolds
  6 rats
19 creatures vanquished.

Vanquished Creatures (others)
  An adder (D:1)
  A bat (D:1)
2 creatures vanquished.

Grand Total: 21 creatures vanquished

Notes
Turn   | Place    | Note
-------+----------+-------------------------------------------
     0 | D:1      | vineage the Demonspawn Berserker began the quest for the Orb.
     0 | D:1      | Reached XP level 1. HP: 18/18 MP: 1/1
   535 | D:1      | Gained mutation: You are partially covered in rugged brown scales. (AC +1, +3% HP) [demonic ancestry]
   535 | D:1      | Reached XP level 2. HP: 18/24 MP: 2/2
  1584 | D:2      | Noticed Natasha
  1589 | D:2      | HP: 1/24 [Natasha (8)]
  1589 | D:2      | Killed from afar by Natasha

Skill      XL: |  1  2 |
---------------+-------+-----
Dodging        | 2 |  2.1
Maces & Flails | 3 |  3.2
Fighting       | |  3.2
Armour         | |  1.9

Action                   || total
-------------------------++-------
Melee: Mace              ||    62
  Use: Scroll            ||     4
  Eat: Chunk             ||     1
Armor: Animal skin       ||     2
       Robe              ||    13
Dodge: Dodged            ||    35
